 Dungeon Crawl Stone Soup version 0.28.0 (webtiles) character file.

Game seed: 7889671358624170494

716957 danielguo94 the Shatterer (level 27, -6/181 (182) HPs)
             Began as a Gargoyle Fighter on Feb 5, 2022.
             Was the Champion of the Shining One.
             Killed from afar by an elemental wellspring (13 damage)
             ... with a torrent of water
             ... on level 5 of Cocytus.
             The game lasted 02:13:27 (74695 turns).

danielguo94 the Shatterer (Gargoyle Fighter)       Turns: 74695, Time: 02:13:27

HP:   -6/181 (182)  AC: 58    Str: 36    XL:     27
MP:   0/39          EV:  9    Int:  7    God:    the Shining One [******]
Gold: 8427          SH: 32    Dex: 13    Spells: 26/26 levels left

rFire   + + +      SeeInvis +   f - +8 broad axe (holy)
rCold   + + +      Faith    .   j - +0 tower shield
rNeg    + + +      Spirit   +   I - +9 scales of the Dragon King {rPois rF+ rC+ Will+}
rPois   ∞          Reflect  .   J - +0 mask of the Dragon {Will+ Slay+3 SInv}
rElec   +          Harm     .   X - scarf {rC+ rF+}
rCorr   +          Rampage  .   i - +1 pair of gloves {Str+3}
Will    +++++      Rage     1%  h - +2 pair of boots {Stlth+}
Stlth   ..........              Z - brooch of Shielding {Spirit SH+8}
HPRegen 1.20/turn               F - +6 ring of strength
MPRegen 0.26/turn               K - ring "Inirolaf" {rElec rF+ rC+ Will+ rCorr Int-5}

@: flying, glowing, studying 4 skills, lightly drained, frozen potions
A: sickness immunity, AC +20, big wings, negative energy resistance 1,
electricity resistance, torment resistance 1, petrification resistance, berserk
1, cold resistance 1, regeneration 1
}: 5/15 runes: decaying, silver, bone, abyssal, gossamer
a: Renounce Religion, Divine Shield, Cleansing Flame, Summon Divine Warrior


You were on level 5 of Cocytus.
You worshipped the Shining One.
The Shining One was exalted by your worship.
You visited 13 branches of the dungeon, and saw 60 of its levels.
You visited the Abyss 1 time.
You visited 1 bazaar.
You also visited: Sewer and Ice Cave.

You collected 12915 gold pieces.
You spent 4488 gold pieces at shops.

Inventory:

Hand Weapons
 f - a +8 broad axe of holy wrath (weapon)
 D - a +6 eveningstar of electrocution
Missiles
 d - 22 atropa-tipped darts
 s - 3 silver javelins
 y - 59 poisoned darts
 z - 11 curare-tipped darts (quivered)
 E - 16 datura-tipped darts
 P - 5 throwing nets
 T - 3 javelins
Armour
 h - a +2 pair of boots of stealth (worn)
 i - a +1 pair of gloves of strength (worn)
 j - a +0 tower shield (worn)
 I - the +9 scales of the Dragon King (worn) {rPois rF+ rC+ Will+}
   (You found it on level 7 of Tartarus)

   rF:        It protects you from fire.
   rC:        It protects you from cold.
   rPois:     It protects you from poison.
   Will:      It increases your willpower.
 J - the +0 mask of the Dragon (worn) {Will+ Slay+3 SInv}
   (You found it on level 3 of the Elven Halls)

   Slay:      It affects your accuracy & damage with ranged weapons and melee
   (+3).
   SInv:      It lets you see invisible.
   Will:      It increases your willpower.
 X - a scarf of resistance (worn)
Jewellery
 q - the amulet of the Meadowlark {rC+ Regen+ MP+9 SInv}
   (You found it on level 7 of Tartarus)

   [amulet of regeneration]

   rC:        It protects you from cold.
   MP:        It affects your magic capacity (+9).
   SInv:      It lets you see invisible.
   Regen:     It increases your rate of health regeneration.
 r - a ring of protection from cold
 F - a +6 ring of strength (left hand)
 G - a ring of willpower
 K - the ring "Inirolaf" (right hand) {rElec rF+ rC+ Will+ rCorr Int-5}
   (You bought it in a shop on level 1 of the Depths)

   [ring of protection from cold]

   Int:       It affects your intelligence (-5).
   rF:        It protects you from fire.
   rC:        It protects you from cold.
   rElec:     It insulates you from electricity.
   rCorr:     It protects you from acid and corrosion.
   Will:      It increases your willpower.
 S - a ring of resist corrosion
 V - a ring of protection from fire
 W - an amulet of reflection
 Z - the brooch of Shielding (around neck) {Spirit SH+8}
   (You took it off a deep elf sorcerer on level 3 of the Elven Halls)

   [amulet of guardian spirit]

   It causes incoming damage to be divided between your reserves of health and
   magic.
   SH:        It affects your SH (+8).
Wands
 a - a wand of paralysis (12)
 x - a wand of digging (6)
 B - a wand of mindburst (7)
 L - a wand of charming (24)
 Q - a wand of iceblast (55)
 U - a wand of acid (5)
Scrolls
 e - 2 scrolls of silence
 g - a scroll of holy word
 k - 10 scrolls of immolation
 p - 4 scrolls of brand weapon
 t - 7 scrolls of fog
 u - 14 scrolls of blinking
 v - 6 scrolls of fear
 M - 2 scrolls of summoning
 N - 2 scrolls of magic mapping
 O - 16 scrolls of teleportation
Potions
 b - 8 potions of heal wounds
 c - 13 potions of curing
 l - 3 potions of resistance
 m - 10 potions of lignification
 n - 3 potions of attraction
 o - 8 potions of ambrosia
 w - 10 potions of might
 A - 11 potions of mutation
 C - 6 potions of magic
 H - 4 potions of cancellation


   Skills:
 + Level 21.2 Fighting
 - Level 0.7(0.9) Short Blades
 - Level 0.7(0.9) Long Blades
 + Level 13.9(20.5) Axes
 + Level 25.9(27) Maces & Flails
 - Level 0.9(9.0) Polearms
 - Level 0.9(1.1) Slings
 - Level 1.0 Bows
 - Level 1.0 Crossbows
 - Level 1.0(1.2) Throwing
 + Level 17.7 Armour
 + Level 5.4 Dodging
 + Level 25.7 Shields
 - Level 1.1 Conjurations
 - Level 0.9 Hexes
 - Level 0.8 Summonings
 - Level 0.7 Necromancy
 - Level 0.9 Translocations
 - Level 0.7 Transmutations
 - Level 1.0 Fire Magic
 - Level 1.0 Ice Magic
 - Level 0.6 Air Magic
 - Level 1.2 Earth Magic
 - Level 1.0 Poison Magic
 * Level 24.5 Invocations
 + Level 2.6 Evocations


You had 26 spell levels left.
You didn't know any spells.
Your spell library contained the following spells:

 Spells                   Type           Power      Damage    Failure   Level
 Sandblast                Erth           2%         2d4       95%         1
 Freeze                   Ice            4%         1d3       96%         1
 Magic Dart               Conj           4%         1d3       96%         1
 Animate Skeleton         Necr           2%         N/A       97%         1
 Beastly Appendage        Tmut           2%         N/A       97%         1
 Pain                     Necr           4%         1d4       97%         1
 Slow                     Hex            4%         N/A       97%         1
 Summon Small Mammal      Summ           4%         N/A       97%         1
 Blink                    Tloc           2%         N/A       99%         2
 Call Imp                 Summ           1%         N/A       99%         2
 Ensorcelled Hibernation  Hex/Ice        2%         N/A       99%         2
 Passwall                 Tmut/Erth      0%         N/A       99%         2
 Scorch                   Fire           2%         2d5       99%         2
 Searing Ray              Conj           2%         2d4       99%         2
 Static Discharge         Conj/Air       1%         N/A       99%         2
 Wereblood                Tmut           1%         N/A       99%         2
 Call Canine Familiar     Summ           1%         N/A       100%        3
 Confusing Touch          Hex            1%         N/A       100%        3
 Conjure Flame            Conj/Fire      1%         6-21      100%        3
 Frozen Ramparts          Ice            2%         1d2       100%        3
 Gell's Gravitas          Tloc           1%         N/A       100%        3
 Ignite Poison            Fire/Tmut/Pois 1%         N/A       100%        3
 Lesser Beckoning         Tloc           1%         N/A       100%        3
 Mephitic Cloud           Conj/Pois/Air  1%         N/A       100%        3
 Ozocubu's Armour         Ice            1%         N/A       100%        3
 Spider Form              Tmut/Pois      1%         N/A       100%        3
 Stone Arrow              Conj/Erth      2%         3d7       100%        3
 Summon Guardian Golem    Hex/Summ       1%         N/A       100%        3
 Swiftness                Air            0%         N/A       100%        3
 Teleport Other           Tloc           1%         N/A       100%        3
 Tukima's Dance           Hex            1%         N/A       100%        3
 Vampiric Draining        Necr           1%         2d6       100%        3
 Anguish                  Hex/Necr       0%         N/A       100%        4
 Animate Armour           Summ/Erth      2%         N/A       100%        4
 Animate Dead             Necr           0%         N/A       100%        4
 Flame Wave               Conj/Fire      1%         2d4       100%        4
 Hailstorm                Conj/Ice       1%         3d3       100%        4
 Ice Form                 Ice/Tmut       1%         N/A       100%        4
 Passage of Golubria      Tloc           1%         N/A       100%        4
 Sticky Flame             Conj/Fire      1%         2d3       100%        4
 Summon Ice Beast         Ice/Summ       1%         N/A       100%        4
 Summon Lightning Spire   Summ/Air       0%         N/A       100%        4
 Agony                    Necr           1%         N/A       100%        5
 Blade Hands              Tmut           0%         N/A       100%        5
 Borgnjor's Vile Clutch   Necr/Erth      0%         N/A       100%        5
 Excruciating Wounds      Necr           0%         N/A       100%        5
 Fireball                 Conj/Fire      0%         3d3       100%        5
 Freezing Cloud           Conj/Ice/Air   0%         6-21      100%        5
 Lightning Bolt           Conj/Air       0%         1d11      100%        5
 Manifold Assault         Tloc           1%         N/A       100%        5
 Metabolic Englaciation   Hex/Ice        0%         N/A       100%        5
 Silence                  Hex/Air        0%         N/A       100%        5
 Summon Forest            Summ/Tloc      0%         N/A       100%        5
 Summon Mana Viper        Hex/Summ       1%         N/A       100%        5
 Yara's Violent Unravell  Hex/Tmut       0%         3d3       100%        5
 Conjure Ball Lightning   Conj/Air       0%         3x3d6     100%        6
 Death Channel            Necr           0%         N/A       100%        6
 Dispersal                Tloc           0%         N/A       100%        6
 Eringya's Noxious Bog    Tmut/Pois      0%         N/A       100%        6
 Iron Shot                Conj/Erth      0%         9d1       100%        6
 Simulacrum               Ice/Necr       0%         N/A       100%        6
 Starburst                Conj/Fire      0%         6d3       100%        6
 Summon Cactus Giant      Summ           0%         N/A       100%        6
 Enfeeble                 Hex            0%         N/A       100%        7
 Haunt                    Necr/Summ      0%         N/A       100%        7
 Monstrous Menagerie      Summ           0%         N/A       100%        7
 Ozocubu's Refrigeration  Ice            0%         4d5       100%        7
 Storm Form               Tmut/Air       0%         N/A       100%        7
 Summon Hydra             Summ           0%         N/A       100%        7
 Borgnjor's Revivificati  Necr           0%         N/A       100%        8
 Discord                  Hex            0%         N/A       100%        8
 Disjunction              Tloc           0%         N/A       100%        8
 Ignition                 Fire           0%         3d3       100%        8
 Infestation              Necr           0%         N/A       100%        8
 Lehudib's Crystal Spear  Conj/Erth      0%         10d2      100%        8
 Maxwell's Capacitive Co  Air            0%         ∞         100%        8
 Necromutation            Tmut/Necr      0%         N/A       100%        8
 Chain Lightning          Conj/Air       0%         2d1       100%        9
 Death's Door             Necr           0%         N/A       100%        9
 Sublimation of Blood     Necr           Unusable   N/A       N/A         2

Dungeon Overview and Level Annotations

Branches:
Dungeon (15/15)            Temple (1/1) D:7            Lair (6/6) D:10
  Swamp (4/4) Lair:2       Spider (4/4) Lair:3        Slime (0/5) Lair:6
    Orc (2/2) D:11            Elf (3/3) Orc:2        Vaults (5/5) D:13
  Crypt (3/3) Vaults:3       Tomb (0/3) Crypt:3      Depths (4/4) D:15
   Hell (visited)             Dis (0/7) Hell            Geh (0/7) Hell
    Coc (5/7) Hell            Tar (7/7) Hell            Zot (0/5) Depths:4
  Sewer (visited)           IceCv (visited)

Altars:
Ashenzari
Cheibriados
Dithmenos
Elyvilon
Fedhas
Gozag
Hepliaklqana
Kikubaaqudgha
Makhleb
Nemelex Xobeh
Okawaru
Qazlal
Ru
Sif Muna
Trog
Uskayaw
Vehumet
Wu Jian
Xom
Yredelemnul
Zin
The Shining One
Beogh
Jiyva

Shops:
D:3 *   D:5 !   Orc:2 ([:   Vaults:2 !   Vaults:4 *   Depths:1 =:=

Portals:
Hell: Depths:1 Depths:2 Depths:3 Depths:4
Abyss: Depths:1 Depths:3
Pandemonium: Depths:2 Depths:4
Ziggurat: Depths:2

Annotations:
Lair:6 exclusion: oklob plant
Elf:3 1 exclusion


Innate Abilities, Weirdness & Mutations

You are immune to sickness and miasma.
Your stone body is resilient. (AC +20)
You are immune to poison.
Your large and strong wings let you fly.
You resist negative energy. (rN+)
You are resistant to electric shocks. (rElec)
You are resistant to unholy torment.
You are immune to petrification.
You tend to lose your temper in combat.
Your flesh is cold resistant. (rC+)
Your natural rate of healing is unusually fast.


Message History

The water elemental disappears in a puff of smoke!
The golden flame engulfs the water elemental!!!
You destroy the water elemental!
The water elemental disappears in a puff of smoke!
The golden flame engulfs the elemental wellspring!!!
You destroy the elemental wellspring!
The water elemental disappears in a puff of smoke! x2
The golden flame engulfs the shard shrike!!
The shard shrike is almost dead.
The golden flame engulfs the water elemental!!
The water elemental is heavily damaged.
The golden flame engulfs the blizzard demon!!!
The blizzard demon writhes in agony!
The blizzard demon is severely wounded.
The golden flame engulfs the Ice Fiend!!!!
The Ice Fiend writhes in agony!
The Ice Fiend is severely wounded.
The water engulfing you falls away.
The shard shrike spits a shard of ice at you.
The shard of ice hits you!!! You partially resist.
* * * LOW HITPOINT WARNING * * *
You block the quicksilver dragon simulacrum's attack.
The quicksilver dragon simulacrum claws you but does no damage.
Water spirits pour forth from the elemental wellspring!
A torrent of water rises up through the elemental wellspring!
The torrent of water misses you.
The wave splashes down.
You block the water elemental's attack.
Unknown command.
Unknown command.
Unknown command.
It's too cold; everything's frozen solid!
Blink to where?
Press: ? - help, Dir - move target
As you read the scroll of blinking, it crumbles to dust.
A torrent of water rises up through the elemental wellspring!
You block the torrent of water.
The wave splashes down.
Water spirits pour forth from the elemental wellspring!
A torrent of water rises up through the elemental wellspring!
The torrent of water hits you!
You die...

###..≈........ ...
....#....≈≈≈≈≈≈...
≈..##.≈.≈..≈≈≈≈≈≈≈≈≈≈≈
≈≈....≈≈≈≈≈≈≈≈≈≈≈≈≈≈≈≈
.≈≈..≈≈≈≈≈≈≈≈≈≈≈≈≈≈≈..
..≈≈≈≈≈≈≈≈≈≈b≈≈≈≈≈≈≈≈.
...≈....E≈≈≈§§≈1≈≈≈≈≈≈
..≈≈...≈≈.≈≈§§Z≈≈≈≈≈≈≈
#....@≈.§≈E≈2≈.≈≈≈≈≈
#...≈≈..≈E≈§≈≈.≈≈≈≈≈
.≈≈.#.....°≈EE≈≈≈≈≈≈≈≈
.≈.......≈≈≈EEE≈.≈≈.≈≈
≈ .......≈≈≈≈≈E.≈≈....
≈≈.......≈≈≈E≈≈.≈≈....
≈.......≈≈≈≈≈≈.≈≈.....
≈.......≈≈≈≈.≈.≈≈...##
...≈≈≈≈≈≈≈≈≈≈..##


You could see a shard shrike, a blizzard demon, 3 elemental wellsprings, 7 water
elementals and a quicksilver dragon simulacrum.

Vanquished Creatures
  Ereshkigal (Tar:7)
  3 dread liches
  3 ancient liches
  Mara (Depths:3)
  4 juggernauts
  Sojobo (Vaults:5)
  Boris (thrice) (Crypt:1 Depths:2 Depths:4)
  Margery (Crypt:1)
  4 shard shrikes
  Geryon (Hell)
  The ghost of rrossfarrar the Hoplite, a veteran BaFi of Cheibriados (Crypt:2)
  5 caustic shrikes (Depths:3)
  20 bone dragons
  4 golden dragons
  12 profane servitors
  Jory (Vaults:2)
  26 Tzitzimimeh
  6 doom hounds
  3 spectral shard shrikes
  16 tainted leviathans
  Asterion (Vaults:1)
  3 Ice Fiends
  12 liches
  5 tentacled monstrosities
  3 walking divine tomes
  A deep elf blademaster (Elf:2)
  3 deep elf master archers (Elf:3)
  2 quicksilver dragons (Vaults:5)
  A walking frostbound tome (Depths:4)
  6 sphinxes
  6 titans
  4 shadow dragons
  5 ancient champions
  Murray (Hell)
  Kirke (Spider:3)
  7 storm dragons
  4 fire giants
  10 tengu reavers
  2 revenants
  A fire giant (shapeshifter) (Vaults:5)
  Agnes (Elf:1)
  8 deep elf sorcerers
  6 narguns
  18 frost giants
  A draconian scorcher (Depths:4)
  An azure jelly (Coc:2)
  17 vault wardens
  An iron dragon (Vaults:5)
  8 emperor scorpions
  2 spectral juggernauts
  3 orc warlords
  4 ghost moths
  A caustic shrike zombie (Crypt:2)
  2 deep elf elementalists (Elf:3)
  Louise (D:14)
  A balrug (Hell)
  3 ghouls
  2 curse skulls
  28 very ugly things
  16 ironbound preservers
  6 shard shrike simulacra
  15 reapers
  7 spriggan defenders (Depths:4)
  5 broodmothers
  A draconian stormcaller (Depths:4)
  4 war gargoyles
  10 stone giants
  5 vampire knights
  8 ironbound thunderhulks
  12 elemental wellsprings
  12 spark wasps
  8 deep elf demonologists
  Azrael (Spider:2)
  8 entropy weavers
  52 putrid mouths
  11 deep elf annihilators
  2 black draconians (Depths:4)
  2 bunyips
  6 wendigos
  Nessos (Lair:6)
  9 dire elephants
  4 eleionomae
  A purple draconian (Depths:4)
  2 iron golems
  3 blizzard demons (Hell)
  A crystal guardian (Vaults:2)
  3 red draconians (Depths:4)
  9 deep elf death magi
  9 yaktaur captains
  8 eidola
  14 ettins
  11 fire dragons
  31 jiangshi
  8 deep elf high priests
  Harold (Lair:1)
  12 ice dragons
  2 spriggan zombies (Hell)
  6 great orbs of eyes
  A radroach (Spider:3)
  4 spectral spriggans
  8 caustic shrike simulacra
  A peacekeeper (Vaults:2)
  2 jorogumos
  5 ogre magi
  29 vault guards
  17 hydras
  2 catoblepae (Lair:6)
  4 spriggan air magi
  Erica (Lair:1)
  6 ironbound frosthearts
  2 ghost crabs
  A fenstrider witch skeleton (Crypt:1)
  4 boulder beetles
  2 centaur warriors
  7 juggernaut simulacra
  8 death knights
  A spriggan skeleton (Crypt:3)
  11 two-headed ogres
  8 death yaks
  An anaconda (shapeshifter) (Vaults:5)
  5 deep troll earth magi
  29 dancing weapons
  6 deep troll shamans
  8 alligators
  4 tengu warriors
  A two-headed ogre (shapeshifter) (Vaults:5)
  4 vampire magi
  5 death scarabs
  5 spriggan berserkers (Depths:4)
  2 orc high priests
  4 hell hogs (Hell)
  12 hell knights
  A spectral storm dragon (Tar:1)
  6 sun demons (Hell)
  A fire crab (Swamp:4)
  16 deep elf knights
  5 soul eaters
  A sixfirhy (Depths:4)
  10 iron trolls
  5 goliath frogs
  3 sun moths
  2 pharaoh ants
  30 shadow wraiths
  3 spectral bunyips (Tar:1)
  34 deep trolls
  6 steelbarb worms
  22 skeletal warriors
  4 spriggan druids
  A spectral hydra (Tar:4)
  A bunyip zombie (Crypt:2)
  2 quicksilver dragon simulacra (Coc:4)
  4 bog bodies
  3 glowing orange brains
  An orange crystal statue (Depths:3)
  A spectral anaconda (Tar:2)
  A death drake (shapeshifter) (Vaults:5)
  19 deep elf archers
  11 swamp dragons
  8 flayed ghosts
  12 orb spiders
  A spectral wolf spider (Spider:4)
  13 phantasmal warriors
  23 ironbound convokers
  8 lindwurms
  A spriggan simulacrum (Coc:1)
  28 deep elf pyromancers
  8 orc knights
  12 wizards
  12 necromancers
  33 deep elf zephyrmancers
  A shadow dragon skeleton (Crypt:1)
  A spectral ice dragon (Tar:1)
  A wolf spider zombie (Crypt:1)
  3 spectral centaurs
  5 orc sorcerers
  44 ugly things
  17 wolf spiders
  3 cyclopes
  4 manticores
  5 will-o-the-wisps
  A salamander (shapeshifter) (D:15)
  An iron dragon skeleton (Crypt:2)
  2 manticores (shapeshifter)
  3 rust devils
  A moth of wrath (shapeshifter) (Vaults:1)
  3 black mambas (shapeshifter)
  7 elephants (Lair:6)
  4 moths of wrath
  2 black mambas
  3 smoke demons (Hell)
  A human skeleton (Hell)
  Joseph (Lair:1)
  3 ice statues
  A stone giant skeleton (Crypt:3)
  4 molten gargoyles (Hell)
  2 titan simulacra
  20 vault sentinels
  5 torpor snails
  11 cane toads
  3 gargoyles
  A cane toad (shapeshifter) (D:13)
  5 unseen horrors (Tar:7)
  16 hellions
  A spectral redback (Spider:4)
  9 tormentors
  15 komodo dragons
  A komodo dragon (shapeshifter) (Elf:3)
  5 anaconda simulacra
  8 demonic crawlers
  5 rime drakes
  2 sea snake zombies (Hell)
  3 kobold demonologists (D:12)
  An efreet (D:14)
  13 freezing wraiths
  An iron giant simulacrum (Coc:5)
  An ice devil (Hell)
  2 tengu conjurers
  12 yaktaurs
  A hydra zombie (Hell)
  2 spectral nagas
  A golden dragon simulacrum (Coc:2)
  A death yak skeleton (Crypt:1)
  4 silent spectres
  15 meliai
  A sea snake skeleton (Hell)
  4 spectral harpies
  A harpy zombie (Hell)
  A red devil (Depths:4)
  6 trolls
  A troll (shapeshifter) (D:13)
  A meliai (shapeshifter) (D:14)
  7 tyrant leeches
  2 spectral jumping spiders (Spider:4)
  A wind drake (shapeshifter) (D:15)
  31 tarantellas
  11 hornets
  A spectral culicivora (Spider:4)
  A shadow dragon simulacrum (Coc:1)
  5 polar bears
  A wolf spider simulacrum (D:12)
  2 hydra skeletons
  8 dream sheep (Lair:6)
  2 jumping spider zombies (Spider:4)
  A raiju (shapeshifter) (D:13)
  A spectral tarantella (Spider:4)
  2 iron dragon simulacra
  A culicivora zombie (Spider:4)
  A dream sheep (shapeshifter) (D:13)
  15 blink frogs
  2 stone giant simulacra
  An alligator zombie (Hell)
  An ettin zombie (Crypt:2)
  A fire dragon zombie (Crypt:1)
  21 jumping spiders
  A centaur simulacrum (D:14)
  5 large abominations
  49 flying skulls (Crypt:3)
  11 spriggans
  2 air elementals (Elf:3)
  42 slime creatures
  An alligator skeleton (Hell)
  5 dire elephant simulacra
  5 wyverns
  26 culicivoras
  8 water elementals
  5 fire bats (Abyss:3)
  12 wraiths
  5 shadows
  64 yaks
  A yak (shapeshifter) (Elf:3)
  A vampire (D:10)
  6 fire elementals
  An alligator snapping turtle simulacrum (Coc:2)
  5 hogs (Spider:3)
  3 small abominations (Crypt:3)
  5 basilisks
  6 chaos spawn (Abyss:3)
  54 redbacks
  6 steam dragons
  16 vampire mosquitoes
  2 wargs
  8 harpy simulacra
  4 acid dragons
  A naga zombie (Crypt:2)
  19 swamp worms
  2 hell hounds (Spider:1)
  2 hydra simulacra
  13 water moccasins
  14 swamp drakes
  3 floating eyes
  35 orc warriors
  4 necrophages (Crypt:3)
  3 ice beasts
  2 black bears
  3 ettin simulacra
  12 ogres
  11 wolves
  4 boggarts (Vaults:1)
  11 centaurs
  A dream sheep skeleton (Crypt:2)
  A blink frog skeleton (Crypt:2)
  A torpor snail zombie (Crypt:1)
  2 phantoms
  5 elf zombies (Elf:1)
  14 bullfrogs
  6 kobold brigands
  2 earth elementals
  3 scorpions
  2 gnoll sergeants
  A cyclops zombie (Crypt:2)
  A wyvern skeleton (D:7)
  A killer bee (Abyss:3)
  An elephant simulacrum (IceCv)
  An electric eel (Lair:2)
  A howler monkey (D:9)
  A bullfrog zombie (D:6)
  6 centaur zombies
  7 hounds
  3 jellies
  2 bullfrog skeletons
  25 orc priests
  4 centaur skeletons
  3 iron imps (D:3)
  8 iguanas
  41 orc wizards
  A polar bear simulacrum (IceCv)
  5 hell rats (Lair:6)
  A wolf simulacrum (IceCv)
  An ogre zombie (Crypt:2)
  A deep dwarf skeleton (Crypt:2)
  A hound skeleton (D:4)
  2 howler monkey zombies
  9 gnolls
  8 adders
  8 river rats (Sewer)
  A steam dragon zombie (Crypt:2)
  A steam dragon skeleton (Crypt:1)
  2 shadow imps (Tar:7)
  2 white imps
  2 ufetubi
  An adder skeleton (D:4)
  A worm (D:4)
  A dart slug (D:3)
  144 orcs
  10 endoplasms
  3 giant cockroaches
  A gnoll zombie (Crypt:2)
  7 goblins
  5 hobgoblins
  11 jackals
  20 kobolds
  3 quokkas
  7 ball pythons
  7 bats
  2 frilled lizards
  A gnoll skeleton (Crypt:2)
  A goblin skeleton (Crypt:2)
  A quokka skeleton (Crypt:2)
  26 rats
  A rat zombie (Crypt:1)
  2 river rat zombies
  A fire vortex (Depths:2)
2553 creatures vanquished.

Vanquished Creatures (others)
  A very ugly thing (Vaults:5)
  An elemental wellspring (Coc:5)
  A wendigo (Coc:5)
  3 caustic shrike simulacra
  An ice dragon (Hell)
  A death yak (Lair:5)
  A quicksilver dragon simulacrum (Coc:5)
  A spriggan simulacrum (Coc:1)
  2 lindwurms (Swamp:4)
  A deep elf pyromancer (Elf:3)
  2 deep elf zephyrmancers
  2 titan simulacra
  A bloated husk (Swamp:3)
  3 tarantellas
  An iron dragon simulacrum (Coc:3)
  A dire elephant simulacrum (Coc:5)
  A spriggan (Swamp:1)
  2 swamp drakes (Swamp:4)
  2 hydra simulacra
  A swamp dragon simulacrum (Coc:1)
  An orc (Orc:1)
  34 foxfires
  34 fungi
  44 plants
142 creatures vanquished.

Grand Total: 2695 creatures vanquished

Notes
Turn   | Place    | Note
-------+----------+-------------------------------------------
     0 | D:1      | danielguo94 the Gargoyle Fighter began the quest for the
                  | Orb.
     0 | D:1      | Reached XP level 1. HP: 14/14 MP: 1/1
   236 | D:1      | Reached XP level 2. HP: 18/19 MP: 2/2
   263 | D:1      | Found a faded altar of an unknown god.
   516 | D:1      | Reached XP level 3. HP: 19/23 MP: 3/3
  1179 | D:2      | Reached XP level 4. HP: 23/28 MP: 4/4
  1609 | D:2      | Reached XP level 5. HP: 32/32 MP: 5/5
  1819 | D:3      | Found a burning altar of Makhleb.
  1840 | D:3      | Reached XP level 6. HP: 36/38 MP: 6/6
  1852 | D:3      | Reached skill level 5 in Maces & Flails
  1875 | D:3      | Found Guclacan's General Store.
  1884 | D:3      | Bought a scroll of identify for 28 gold pieces
  1884 | D:3      | Bought a scroll of fog for 28 gold pieces
  1885 | D:3      | Bought a scroll of identify for 28 gold pieces
  1885 | D:3      | Bought a scroll of fog for 28 gold pieces
  2434 | D:4      | Reached XP level 7. HP: 37/42 MP: 7/7
  2449 | D:4      | Reached skill level 1 in Dodging
  2512 | D:4      | Found a glowing drain.
  2561 | Sewer    | Entered a sewer
  3037 | Sewer    | Reached XP level 8. HP: 7/48 MP: 8/8
  3042 | Sewer    | HP: 1/48 [kobold brigand (2)]
  3667 | D:4      | Reached skill level 5 in Armour
  4112 | D:5      | Entered Level 5 of the Dungeon
  4882 | D:5      | Found Bachin's Distillery.
  4890 | D:5      | Bought a potion of degeneration for 11 gold pieces
  4891 | D:5      | Bought a potion of heal wounds for 55 gold pieces
  4891 | D:5      | Bought a potion of mutation for 88 gold pieces
  5132 | D:6      | Reached skill level 5 in Fighting
  5132 | D:6      | Reached XP level 9. HP: 38/54 MP: 9/9
  5991 | D:5      | Reached skill level 5 in Shields
  6068 | D:6      | Reached skill level 10 in Maces & Flails
  6700 | D:7      | Reached XP level 10. HP: 35/60 MP: 10/10
  6909 | D:7      | Found a staircase to the Ecumenical Temple.
  6953 | Temple   | Entered the Ecumenical Temple
  7128 | Temple   | Became a worshipper of the Shining One
  8161 | D:8      | Identified a scroll of acquirement
  8162 | D:8      | Acquired the +9 plate armour of Terror {Stlth+}
  8455 | D:8      | Noticed a boulder beetle
  9655 | D:8      | Reached skill level 1 in Invocations
  9776 | D:9      | Reached * piety under the Shining One
 10563 | D:10     | Entered Level 10 of the Dungeon
 10899 | D:10     | Found a staircase to the Lair.
 10999 | D:10     | Reached XP level 11. HP: 45/66 MP: 12/12
 11175 | D:10     | Noticed a two-headed ogre
 11189 | D:10     | Killed a two-headed ogre
 11330 | D:8      | Noticed a deep troll
 11330 | D:8      | a boulder beetle changed into a deep troll
 11340 | D:8      | Killed a deep troll
 11399 | Lair:1   | Entered Level 1 of the Lair of Beasts
 11419 | Lair:1   | Noticed Joseph
 11438 | Lair:1   | Killed Joseph
 11807 | Lair:1   | Noticed Harold
 11826 | Lair:1   | Killed Harold
 11893 | Lair:1   | Noticed Erica
 11909 | Lair:1   | Killed Erica
 12167 | Lair:1   | Noticed a seven-headed hydra
 12281 | Lair:1   | Killed a seven-headed hydra
 12282 | Lair:1   | Reached skill level 1 in Evocations
 13193 | Lair:2   | Reached XP level 12. HP: 30/73 MP: 15/15
 13927 | Lair:2   | Noticed a five-headed hydra
 13938 | Lair:2   | Killed a five-headed hydra
 13939 | Lair:2   | Reached skill level 5 in Invocations
 14111 | Lair:2   | Found a staircase to the Swamp.
 14645 | Lair:3   | Found a hole to the Spider Nest.
 14920 | Lair:3   | Noticed an eight-headed hydra
 14929 | Lair:3   | Killed an eight-headed hydra
 15233 | Lair:3   | Identified the +12 hunting sling of Sloth {freeze, +Blink
                  | Will+ Str+2}
 15373 | Lair:4   | Found a frozen archway.
 15404 | IceCv    | Entered an ice cave
 15434 | IceCv    | Found a transporter.
 15438 | IceCv    | Reached ** piety under the Shining One
 15444 | IceCv    | Found a transporter.
 15787 | IceCv    | Reached skill level 15 in Maces & Flails
 15788 | IceCv    | Got the Reference Book on Ice
 16506 | Lair:4   | Reached XP level 13. HP: 68/80 MP: 17/17
 18228 | Lair:6   | Entered Level 6 of the Lair of Beasts
 18781 | Lair:5   | Reached skill level 10 in Armour
 19260 | Lair:6   | Noticed a fire dragon
 19464 | Lair:6   | Found a viscous altar of Jiyva.
 19464 | Lair:6   | Found a staircase to the Slime Pits.
 19551 | Lair:6   | Reached skill level 10 in Fighting
 19625 | Lair:6   | Gained mutation: Your large and strong wings let you fly.
                  | [Gargoyle growth]
 19625 | Lair:6   | Reached XP level 14. HP: 80/88 MP: 19/19
 19634 | Lair:6   | Reached *** piety under the Shining One
 19910 | Lair:6   | Noticed Nessos
 20274 | Lair:6   | Killed Nessos
 20747 | Lair:6   | Got the Catalogue of Transformation and Battle Magic
 20871 | Lair:6   | Reached skill level 10 in Shields
 22510 | D:11     | Found a staircase to the Orcish Mines.
 22867 | D:11     | Reached **** piety under the Shining One
 23073 | Orc:1    | Entered Level 1 of the Orcish Mines
 24039 | Orc:1    | Noticed an orc warlord
 24168 | D:11     | Killed an orc warlord
 24640 | Orc:2    | Entered Level 2 of the Orcish Mines
 24990 | Orc:1    | Reached XP level 15. HP: 80/95 MP: 21/21
 25619 | Orc:2    | Noticed an orc warlord
 25899 | Orc:2    | Paralysed by an orc sorcerer for 3 turns
 26224 | Orc:2    | Killed an orc warlord
 26412 | Orc:2    | Found Jyun's Antique Weapon Shoppe.
 26415 | Orc:2    | Found Mufelit's Antique Armour Emporium.
 26422 | Orc:2    | Bought a pair of glowing boots for 292 gold pieces
 26475 | Orc:2    | Found a staircase to the Elven Halls.
 27134 | Orc:2    | Reached ***** piety under the Shining One
 27135 | Orc:2    | Found Qusmot's Book Boutique.
 27244 | Orc:2    | Found Coowoh's Book Emporium.
 27900 | D:12     | Identified the +5 chain mail "Peytobous" {Rampage Dex+2}
 28484 | D:13     | Found a white marble altar of Elyvilon.
 28555 | D:13     | Found a gate to the Vaults.
 28913 | D:13     | Identified the +2 robe of the Arena {rCorr}
 29729 | D:14     | Reached skill level 10 in Invocations
 30258 | D:14     | Noticed Louise
 30311 | D:14     | Killed Louise
 30460 | D:15     | Entered Level 15 of the Dungeon
 30460 | D:15     | Found a radiant altar of Vehumet.
 30487 | D:15     | Reached XP level 16. HP: 89/103 MP: 23/23
 30548 | D:15     | Reached ****** piety under the Shining One
 31392 | D:15     | Found a bloodstained altar of Trog.
 31913 | D:15     | Found a staircase to the Depths.
 32236 | Spider:1 | Entered Level 1 of the Spider Nest
 33897 | Spider:1 | Identified the +3 pair of boots of the Equator {*Corrode
                  | rElec rN+ Int+4}
 34467 | Spider:1 | Reached XP level 17. HP: 109/109 MP: 25/25
 34519 | Spider:2 | Noticed Azrael
 34786 | Spider:2 | Killed Azrael
 37296 | Spider:3 | Reached XP level 18. HP: 105/115 MP: 27/27
 37378 | Spider:3 | Noticed Kirke
 37392 | Spider:3 | Killed Kirke
 37402 | Spider:3 | Gained mutation: You sometimes lose the ability to read
                  | scrolls when taking damage. [mutagenic glow]
 37410 | Spider:3 | Gained mutation: Your spells are a little easier to cast,
                  | but a little less powerful. [mutagenic glow]
 38795 | Swamp:1  | Entered Level 1 of the Swamp
 41171 | Swamp:4  | Entered Level 4 of the Swamp
 42021 | Swamp:3  | Reached skill level 15 in Shields
 43021 | Swamp:4  | Got a decaying rune of Zot
 43156 | Swamp:4  | Reached XP level 19. HP: 120/121 MP: 29/29
 43314 | Spider:4 | Entered Level 4 of the Spider Nest
 46646 | Spider:4 | Got a gossamer rune of Zot
 47035 | Elf:1    | Entered Level 1 of the Elven Halls
 48162 | Elf:1    | Noticed Agnes
 48174 | Elf:1    | Killed Agnes
 48187 | Elf:1    | Identified the +0 kite shield "Wafruyss" {rCorr}
 48457 | Elf:1    | Got the Reference Book on Confrontation
 49063 | Elf:1    | Got the Guide on Unholy Secrets
 49532 | Elf:2    | Reached skill level 15 in Fighting
 49571 | Elf:2    | Reached XP level 20. HP: 128/129 MP: 31/31
 49574 | Elf:2    | Reached skill level 15 in Invocations
 49956 | Elf:2    | Found a runed translucent gate.
 49956 | Elf:2    | Found a runed translucent gate.
 49956 | Elf:2    | Found a runed translucent gate.
 50718 | Elf:2    | Cast into level 3 of the Abyss (+4 halberd of distortion)
 50734 | Abyss:3  | Noticed a dread lich
 50739 | Abyss:3  | Noticed a Brimstone Fiend
 50750 | Abyss:3  | Killed a dread lich
 50758 | Abyss:3  | Reached skill level 1 in Bows
 50758 | Abyss:3  | Reached skill level 1 in Crossbows
 50758 | Abyss:3  | Reached skill level 1 in Throwing
 50758 | Abyss:3  | Reached skill level 1 in Conjurations
 50758 | Abyss:3  | Reached skill level 1 in Fire Magic
 50758 | Abyss:3  | Reached skill level 1 in Ice Magic
 50758 | Abyss:3  | Reached skill level 1 in Earth Magic
 50758 | Abyss:3  | Reached skill level 1 in Poison Magic
 50758 | Abyss:3  | Reached XP level 21. HP: 134/134 MP: 14/32
 50758 | Abyss:3  | Reached XP level 22. HP: 140/140 MP: 14/33
 50758 | Abyss:3  | Got an abyssal rune of Zot
 50768 | Elf:2    | Escaped the Abyss
 51671 | Elf:3    | Entered Level 3 of the Elven Halls
 51795 | Elf:3    | Paralysed by an air elemental for 1 turns
 52271 | Elf:3    | Paralysed by an air elemental for 1 turns
 52526 | Elf:3    | Identified the +2 robe "Xeceo" {rC+ rN+}
 53036 | Elf:3    | Identified the amulet "Boymn" {Faith Str+6 Stlth+}
 53145 | Elf:3    | Identified the amulet "Tutwi" {Acrobat Int-5 Dex+4}
 53155 | Elf:3    | Found the +0 mask of the Dragon {Will+ Slay+3 SInv}
 53161 | Elf:3    | Identified the +2 falchion "Dragonbane" {freeze, rPois
                  | Str-2 Int+9 Stlth+}
 53865 | Vaults:1 | Entered Level 1 of the Vaults
 53932 | Vaults:1 | Lost mutation: You sometimes lose the ability to read
                  | scrolls when taking damage. [potion of mutation]
 53932 | Vaults:1 | Lost mutation: Your spells are a little easier to cast, but
                  | a little less powerful. [potion of mutation]
 53932 | Vaults:1 | Gained mutation: Armour fits poorly on your strangely
                  | shaped body. [potion of mutation]
 53932 | Vaults:1 | Gained mutation: You have hidden genetic defects. [potion
                  | of mutation]
 53932 | Vaults:1 | Gained mutation: You passively map a small area around you.
                  | [potion of mutation]
 53933 | Vaults:1 | Lost mutation: You have hidden genetic defects. [potion of
                  | mutation]
 53933 | Vaults:1 | Lost mutation: You passively map a small area around you.
                  | [potion of mutation]
 53933 | Vaults:1 | Lost mutation: Armour fits poorly on your strangely shaped
                  | body. [potion of mutation]
 53933 | Vaults:1 | Gained mutation: You sometimes lose the ability to read
                  | scrolls when taking damage. [potion of mutation]
 53933 | Vaults:1 | Gained mutation: You have a somewhat thin skeletal
                  | structure. (Dex +2, Stealth+) [potion of mutation]
 54064 | Vaults:1 | Reached skill level 15 in Armour
 54282 | Vaults:1 | Reached XP level 23. HP: 111/146 MP: 28/35
 54720 | Vaults:1 | Noticed Asterion
 54728 | Vaults:1 | Killed Asterion
 56138 | Vaults:2 | Found Cuismeyh's Distillery.
 56146 | Vaults:2 | Bought a potion of heal wounds for 95 gold pieces
 56146 | Vaults:2 | Bought a potion of heal wounds for 95 gold pieces
 56146 | Vaults:2 | Bought a potion of curing for 57 gold pieces
 56146 | Vaults:2 | Bought a potion of might for 76 gold pieces
 56146 | Vaults:2 | Bought 2 potions of mutation for 304 gold pieces
 56146 | Vaults:2 | Bought a potion of cancellation for 152 gold pieces
 57008 | Vaults:3 | Noticed Jory
 57040 | Vaults:2 | Killed Jory
 57425 | Vaults:3 | Found a staircase to the Crypt.
 57721 | Vaults:3 | You are sucked into a shaft and drop 1 floor!
 57884 | Vaults:4 | Found Kudatiol's General Store.
 58167 | Vaults:3 | Reached XP level 24. HP: 154/154 MP: 35/35
 59492 | Vaults:5 | Entered Level 5 of the Vaults
 59615 | Crypt:1  | Entered Level 1 of the Crypt
 59846 | Crypt:1  | Noticed Margery
 59873 | Crypt:1  | Killed Margery
 60037 | Crypt:1  | Noticed Boris
 60051 | Crypt:1  | Killed Boris
 60864 | Crypt:2  | Found a runed translucent door.
 60865 | Crypt:2  | Noticed rrossfarrar's ghost (veteran BaFi)
 60866 | Crypt:2  | Found a shimmering altar of Xom.
 61253 | Crypt:2  | Reached skill level 5 in Dodging
 61302 | Crypt:2  | Killed rrossfarrar's ghost
 61304 | Crypt:2  | Identified the +6 hand axe of Gluttony {drain, Will+}
 61324 | Crypt:3  | Entered Level 3 of the Crypt
 61620 | Crypt:3  | Reached XP level 25. HP: 161/161 MP: 36/36
 61639 | Crypt:3  | Found a basalt altar of Yredelemnul.
 61827 | Crypt:3  | Identified the ring "Xoloyrau" {*Slow rC+ rN+ Will++
                  | Stlth+}
 61827 | Crypt:3  | Identified the ring "Qathraynan" {rN+ Will+ Str+3 Slay-6
                  | Stlth+}
 62029 | Crypt:3  | Found a staircase to the Tomb.
 62618 | Vaults:5 | Lost mutation: You sometimes lose the ability to read
                  | scrolls when taking damage. [potion of mutation]
 62618 | Vaults:5 | Lost mutation: You have a somewhat thin skeletal structure.
                  | (Dex +2, Stealth+) [potion of mutation]
 62618 | Vaults:5 | Gained mutation: You tend to lose your temper in combat.
                  | [potion of mutation]
 62618 | Vaults:5 | Gained mutation: Your natural rate of healing is unusually
                  | fast. [potion of mutation]
 62618 | Vaults:5 | Gained mutation: Your flesh is cold resistant. (rC+)
                  | [potion of mutation]
 62883 | Vaults:5 | Paralysed by an ogre mage for 3 turns
 63118 | Vaults:5 | Noticed Sojobo
 63130 | Vaults:5 | Killed Sojobo
 63310 | Vaults:5 | Found the +4 robe of Folly {Brilliance Will-∞ Int+8}
 63545 | Vaults:5 | Noticed a dread lich
 63550 | Vaults:5 | Killed a dread lich
 63552 | Vaults:5 | Reached XP level 26. HP: 115/168 MP: 11/37
 64341 | Vaults:5 | Noticed an ancient lich
 64352 | Vaults:5 | Killed an ancient lich
 64366 | Vaults:5 | Got a silver rune of Zot
 64725 | Depths:1 | Entered Level 1 of the Depths
 64787 | Depths:1 | Found Taeffol's Jewellery Boutique.
 64789 | Depths:1 | Found Plog's Book Shop.
 64792 | Depths:1 | Found Coilok's Jewellery Boutique.
 64797 | Depths:1 | Bought the ring "Inirolaf" {rElec rF+ rC+ Will+ rCorr
                  | Int-5} for 607 gold pieces
 65095 | Depths:1 | Found a one-way gate to the infinite horrors of the Abyss.
 65334 | Depths:1 | Found a gateway to Hell.
 65514 | Depths:1 | You are sucked into a shaft and drop 1 floor!
 65527 | Depths:2 | Noticed Boris
 65549 | Depths:2 | Killed Boris
 65968 | Depths:2 | Noticed a juggernaut
 65983 | Depths:2 | Killed a juggernaut
 66040 | Depths:2 | Found a one-way gate leading to the halls of Pandemonium.
 66068 | Depths:2 | Found a snail-covered altar of Cheibriados.
 66183 | Depths:2 | Paralysed by a floating eye for 3 turns
 66273 | Depths:2 | Noticed a juggernaut
 66281 | Depths:2 | Killed a juggernaut
 66332 | Depths:2 | Found a one-way gateway to a ziggurat.
 66592 | Depths:3 | Noticed Mara
 66595 | Depths:3 | Noticed danielguo94's illusion
 66607 | Depths:3 | Killed Mara
 66651 | Depths:3 | Found a flickering gateway to a bazaar.
 66671 | Bazaar   | Entered a bazaar
 66671 | Bazaar   | Found Godd's Armour Shoppe.
 66671 | Bazaar   | Found Eqoyzyast's Distillery.
 66671 | Bazaar   | Found Vucren's Antique Armour Emporium.
 66671 | Bazaar   | Found Bevvuimm's Antique Armour Shoppe.
 66679 | Bazaar   | Bought a potion of heal wounds for 80 gold pieces
 66693 | Bazaar   | Bought a shiny plate armour for 936 gold pieces
 66693 | Bazaar   | Bought a glowing plate armour for 936 gold pieces
 66709 | Bazaar   | Bought a potion of lignification for 48 gold pieces
 66709 | Bazaar   | Bought 2 potions of mutation for 256 gold pieces
 66709 | Bazaar   | Bought a potion of curing for 48 gold pieces
 66709 | Bazaar   | Bought a potion of lignification for 48 gold pieces
 66709 | Bazaar   | Bought 2 potions of curing for 96 gold pieces
 66709 | Bazaar   | Bought a potion of lignification for 48 gold pieces
 66709 | Bazaar   | Bought a potion of curing for 48 gold pieces
 66808 | Depths:3 | Identified the ring of the Middle {rElec rN+ Str+6}
 66938 | Depths:3 | Noticed an ancient lich
 66946 | Depths:3 | Killed an ancient lich
 67130 | Depths:3 | Reached XP level 27. HP: 170/176 MP: 34/37
 67552 | Depths:3 | Found an ornate altar of the Wu Jian Council.
 67626 | Depths:4 | Entered Level 4 of the Depths
 67626 | Depths:4 | Noticed a juggernaut
 67702 | Depths:3 | Killed a juggernaut
 67782 | Depths:4 | Found a huge runed gate.
 67782 | Depths:4 | Found a huge runed gate.
 67782 | Depths:4 | Found a huge runed gate.
 67782 | Depths:4 | Found a huge runed gate.
 67784 | Depths:4 | Found a huge runed gate.
 67784 | Depths:4 | Found a huge runed gate.
 67784 | Depths:4 | Found a huge runed gate.
 67785 | Depths:4 | Found a huge runed gate.
 67785 | Depths:4 | Found a huge runed gate.
 67786 | Depths:4 | Found a huge runed gate.
 67792 | Depths:4 | Found a huge runed gate.
 67792 | Depths:4 | Found a huge runed gate.
 67792 | Depths:4 | Found a huge runed gate.
 67792 | Depths:4 | Found a huge runed gate.
 67792 | Depths:4 | Found a huge runed gate.
 67792 | Depths:4 | Found a huge runed gate.
 67792 | Depths:4 | Found a huge runed gate.
 67814 | Depths:4 | Found a huge runed gate.
 67816 | Depths:4 | Found a huge runed gate.
 67833 | Depths:4 | Found a huge runed gate.
 67833 | Depths:4 | Found a huge runed gate.
 67833 | Depths:4 | Found a huge runed gate.
 67833 | Depths:4 | Found a huge runed gate.
 67833 | Depths:4 | Found a huge runed gate.
 67833 | Depths:4 | Found a huge runed gate.
 67834 | Depths:4 | Found a huge runed gate.
 67835 | Depths:4 | Found a huge runed gate.
 67836 | Depths:4 | Found a huge runed gate.
 67844 | Depths:4 | Found a huge runed gate.
 67844 | Depths:4 | Found a huge runed gate.
 67844 | Depths:4 | Found a huge runed gate.
 67844 | Depths:4 | Found a huge runed gate.
 67844 | Depths:4 | Found a huge runed gate.
 67844 | Depths:4 | Found a huge runed gate.
 67845 | Depths:4 | Found a huge runed gate.
 67846 | Depths:4 | Found a huge runed gate.
 67980 | Depths:4 | Paralysed by a floating eye for 3 turns
 67982 | Depths:4 | Noticed a juggernaut
 68004 | Depths:4 | Killed a juggernaut
 68213 | Depths:4 | Noticed Boris
 68229 | Depths:4 | Killed Boris
 68411 | Depths:4 | Found a gate to the Realm of Zot.
 69029 | Depths:4 | Noticed a dread lich
 69044 | Depths:4 | Killed a dread lich
 69646 | Hell     | Entered the Vestibule of Hell
 69646 | Hell     | Noticed Geryon
 69647 | Hell     | Identified a +5 broad axe of holy wrath (a +3 broad axe
                  | blessed by the Shining One)
 69647 | Hell     | Received a gift from the Shining One
 69654 | Hell     | Reached skill level 1 in Axes
 69673 | Hell     | Killed Geryon
 69703 | Hell     | Noticed Murray
 69730 | Hell     | Killed Murray
 69792 | Hell     | Found a gateway to the decaying netherworld of Tartarus.
 69855 | Hell     | Found a gateway to the ashen valley of Gehenna.
 69886 | Hell     | Reached skill level 5 in Axes
 69916 | Hell     | Found a gateway to the Iron City of Dis.
 69956 | Hell     | Found a gateway to the freezing wastes of Cocytus.
 70138 | Tar:1    | Entered Level 1 of Tartarus
 71544 | Tar:7    | Entered Level 7 of Tartarus
 71621 | Tar:7    | Reached skill level 10 in Axes
 71928 | Tar:7    | Noticed Ereshkigal
 71942 | Tar:7    | Killed Ereshkigal
 71987 | Tar:7    | Got a bone rune of Zot
 73405 | Tar:7    | Identified the +9 long sword of Shrieking Terror
                  | {antimagic, +Blink Fly rElec Int-4}
 73574 | Tar:7    | Found the +9 scales of the Dragon King {rPois rF+ rC+
                  | Will+}
 73586 | Tar:7    | Identified the amulet of the Meadowlark {rC+ Regen+ MP+9
                  | SInv}
 73606 | Tar:7    | Got the Disquisition on Blows and Bruises and Unholy
                  | Rituals
 73727 | Coc:1    | Entered Level 1 of Cocytus
 74344 | Coc:3    | Paralysed by a wendigo for 1 turns
 74673 | Coc:5    | Noticed an ancient lich
 74682 | Coc:5    | Killed an ancient lich
 74694 | Coc:5    | HP: 5/180 [shard shrike/shard of ice (37)]
 74695 | Coc:5    | Killed from afar by an elemental wellspring

Illustrated notes

Levels and vault maps discovered:
D:1:      minmay_arrival_up_and_down, layout_basic, shapermc_ecumenical_altar_gd
D:2:      cheibrodos_pilgrimage, layout_basic, grunt_decor_resistance,
          minmay_indecisive_spiral
D:3:      layout_rooms, demons_altar, serial_shops, nicolae_shop_statue_plus
D:4:      layout_loops_ring, cheibrodos_sewer_entry_drain, minmay_crossroads
D:5:      layout_rooms, serial_shops, nicolae_shop_advertising_works
          [nicolae_subvault_shop_adworks]
D:6:      layout_rooms, minmay_increasing_density
D:7:      layout_basic, minmay_temple_entry_butterflies
D:8:      layout_layer_cave
D:9:      layout_cross
D:10:     layout_roguey, lair_entry_dummy
D:11:     layout_roguey, hiddenorc2_lemuel
D:12:     kennysheep_ambush_hall, layout_long_grid
D:13:     layout_loops_corners, david_vaults_2, elyvilon_altar_3
D:14:     layout_loops_ring, minmay_misc_feat_diagonals,
          nicolae_fountain_basement, uniq_louise
D:15:     grunt_enter_depths_hoard, layout_loops_corners, bloody_trog,
          nicolae_vehumet_radiance
Temple:   mainiacjoe_temple_starburst
Lair:1:   layout_regular_city, uniq_erica, uniq_harold, uniq_joseph
Lair:2:   layout_cave_pods, minmay_swamp_entry_wisps, serial_bayou_shore_a
Lair:3:   layout_concentric_octagons, spider_nest_entry_web_field, st_stairs_12
Lair:4:   layout_roguey, portal_ice_cave_entry_pillars_1
Lair:5:   layout_roguey, guppyfry_lair_drakes, infiniplex_staircase_pool_2
Lair:6:   guppyfry_lair_end_dragon, layout_regular_city,
          hangedman_lair_in_review, dpeg_slime_entry_enclosed_altar,
          st_stairs_12, uniq_nessos
Swamp:1:  layout_falls_marsh, evilmike_swamp_ruin_house_4
Swamp:2:  layout_basic_swamp, hangedman_swamp_cone
Swamp:3:  layout_basic_swamp, evilmike_swamp_ruin_rubble_2
Swamp:4:  swamp_fiery, layout_basic_swamp, infiniplex_staircase_pool
Spider:1: layout_chambers
Spider:2: layout_spider_delve, uniq_azrael
Spider:3: layout_cave_pods, uniq_kirke
Spider:4: floodkiller_spider_rune_tomb
Orc:1:    layout_caves, nicolae_orc_flooded_monolith, mines2_david
Orc:2:    grunt_orc_community_town_hall, layout_diamond_mine,
          grunt_orc_community_big_house_2, grunt_orc_community_big_house_1,
          grunt_orc_community_house_3, grunt_orc_community_house_1,
          grunt_orc_community_house_1, grunt_orc_community_house_3,
          grunt_orc_community_house_3, grunt_orc_community_house_3,
          mines4_lemuel
Elf:1:    layout_loops_cross, minmay_elf_annihilation, minmay_elf_necromancy,
          uniq_agnes
Elf:2:    elven_hall_of_blades_hangedman_original
          [nicolae_blade_entry_sentries_behind_glass], layout_onion_city
Elf:3:    minmay_elf_hall_quartered_circle, layout_onion_city,
          dreamdust_deal_with_the_devil
Vaults:1: v_misc_14, v_alt_pattern_5, hangedman_vaults_nails,
          hangedman_vaults_corner, v_misc_4,
          nicolae_vaults_windows_and_doors_thing, v_misc_24, v_misc_31, st_eye,
          vaults_dpeg_hooks, layout_vaults_maze_bifur, uniq_asterion
Vaults:2: vaults_standard_mumra_x, hangedman_vaults_slice,
          ontoclasm_vaults_shout, nicolae_vaults_alarming,
          nicolae_vaults_ring_of_whatevers, vaults_room_fours,
          layout_vaults_omnigrid, serial_shops, shop
Vaults:3: v_pattern_1, minmay_crypt_entry_simple_statues,
          nicolae_vaults_rhombus_7, grunt_vaults_hallway_short,
          vaults_room_corners, grunt_vaults_hallway_short,
          nicolae_vaults_little_squares_2, vaults_room_hangedman_quadrants,
          layout_vaults_chaotic_city, uniq_jory
Vaults:4: ontoclasm_vaults_twist, st_lattice, ontoclasm_vaults_claustrophobia,
          vaults_room_fancy_cross, v_pattern_5, v_misc_8, v_misc_30,
          hangedman_vaults_slice, grunt_vaults_diagonal, v_alt_pattern_3,
          layout_vaults_omnibox, serial_shops, shop_statue
Vaults:5: uniq_sojobo
Crypt:1:  layout_regular_city, st_stairs_7, uniq_boris, uniq_margery
Crypt:2:  layout_chaotic_city, ebering_ghost_xom
Crypt:3:  grunt_crypt_end_deaths_head
Depths:1: layout_cave_shapes, hangedman_decor_lopped, abyss_entry_crystal,
          grunt_hell_entry_dis_grunt, kennysheep_diamond, minmay_shop_star
Depths:2: minmay_dotted_concentric_squares, layout_cave_pools, enter_ziggurat_d,
          grunt_pan_entry_in_and_out, serial_sigils_hangedman_scratch,
          hell_entry, slow_altar_2
Depths:3: minmay_bad_star, layout_small_grid, nzn_wu_jian_council_hall,
          serial_shops, bzr_entry_road, abyss_entry, hell_entry, minivault_22,
          minivault_15, hangedman_decor_diamond_cutter,
          minmay_staircase_statues, uniq_mara
Depths:4: grunt_zot_entry_hairpin, layout_honeycomb, rand_demon_pan_entry_5,
          hell_entry, door_vault
Hell
Coc:1:    layout_cocytus_water_paths
Coc:2:    nicolae_coc_on_the_berg
Coc:3:    layout_ice_bergs
Coc:4:    layout_cocytus_delve
Coc:5:    layout_ice_bergs, serial_ice, serial_ice_e, serial_ice_h,
          serial_ice_g, serial_ice_d
Tar:1:    layout_catacombs
Tar:2:    layout_grid_maze
Tar:3:    layout_grid_maze
Tar:4:    layout_cathedral_of_symmetry
Tar:5:    layout_cathedral_of_symmetry, nicolae_tar_combstack
Tar:6:    layout_catacombs
Tar:7:    tar_mu [tar_mu_maze]

Skill      XL: |  1  2  3  4  5  6  7  8  9 10 11 12 13 14 15 16 17 18 19 20 21 22 23 24 25 26 27 |
---------------+----------------------------------------------------------------------------------+-----
Maces & Flails | 3 4 5 7 8 10 12 13 15 16 17 18 19 20 21 22 23 24 25 | 25.9
Armour         | 4 5 6 7 8 9 10 11 12 13 14 15 16 17 | 17.7
Dodging        | 1 2 3 4 5 |  5.4
Shields        | 4 5 6 7 8 9 10 12 13 15 16 17 18 19 20 22 23 25 | 25.7
Fighting       | 4 5 6 7 8 10 11 12 13 14 15 16 17 18 19 21 | 21.2
Invocations    | 2 4 6 7 9 10 11 12 13 14 15 16 17 18 20 21 24 | 24.5
Evocations     | 1 2 |  2.6
Bows           | 1 |  1.0
Crossbows      | 1 |  1.0
Throwing       | 1 |  1.0
Conjurations   | 1 |  1.1
Fire Magic     | 1 |  1.0
Ice Magic      | 1 |  1.0
Earth Magic    | 1 |  1.2
Poison Magic   | 1 |  1.0
Axes           | 13 | 13.9
Short Blades   | |  0.7
Long Blades    | |  0.7
Polearms       | |  0.9
Slings         | |  0.9
Hexes          | |  0.9
Summonings     | |  0.8
Necromancy     | |  0.7
Translocations | |  0.9
Transmutations | |  0.7
Air Magic      | |  0.6

Action                   |  1- 3 |  4- 6 |  7- 9 | 10-12 | 13-15 | 16-18 | 19-21 | 22-24 | 25-27 || total
-------------------------+-------+-------+-------+-------+-------+-------+-------+-------+-------++-------
Melee: Flail             |   125 |   137 |   638 |   398 |       |       |       |       |       ||  1298
       Morningstar       |       |       |       |   368 |  1760 |  1512 |  1039 |    77 |       ||  4756
       Eveningstar       |       |       |       |       |       |       |       |  1587 |  1441 ||  3028
       Broad axe         |       |       |       |       |       |       |       |       |  1172 ||  1172
Throw: Dart              |       |       |     3 |       |     3 |       |       |       |     1 ||     7
Invok: Divine Shield     |       |       |       |     1 |       |       |     1 |     1 |       ||     3
       Cleansing Flame   |       |       |       |       |     5 |    36 |    33 |    27 |    68 ||   169
       Brand Weapon With |       |       |       |       |       |       |       |       |     1 ||     1
Evoke: Wand              |       |       |       |    20 |     7 |       |       |     6 |     5 ||    38
  Use: Scroll            |       |     3 |     3 |    18 |     2 |     4 |     5 |     2 |    10 ||    47
       Potion            |       |     1 |     5 |     3 |     4 |     6 |     3 |     5 |     9 ||    36
Armor: Scale mail        |    86 |    79 |   421 |    46 |       |       |       |       |       ||   632
       Plate armour      |       |       |       |   575 |  1225 |  1480 |   925 |   662 |   408 ||  5275
       Gold dragon scale |       |       |       |       |       |       |       |       |   964 ||   964
Dodge: Dodged            |    66 |    66 |   362 |   214 |   419 |   365 |   260 |   267 |   455 ||  2474
Block: Buckler           |    28 |    26 |   164 |    61 |       |       |       |       |       ||   279
       Kite shield       |       |       |       |   305 |   866 |       |       |       |       ||  1171
       Tower shield      |       |       |       |       |     4 |  1549 |  1262 |  1776 |  3256 ||  7847
       Reflection        |       |       |       |       |       |       |    12 |    30 |       ||    42
